Winnipeg Jets vs San Jose Sharks
Created - Tuesday, February 10, 2026 at 07:34
Goals
|
| Winnipeg Jets |
0 |
2 |
0 |
0 |
1 |
2 |
| San Jose Sharks |
0 |
1 |
1 |
0 |
2 |
3 |
|
Shots
|
| Winnipeg Jets |
4 |
16 |
12 |
0 |
3 |
32 |
| San Jose Sharks |
13 |
9 |
10 |
1 |
3 |
33 |
|
1st period
No Goal
Penalties :
Connor Bedard (WPG) for Delaying the game (Minor) at 14:37
2nd period
1. San Jose Sharks , Peyton Krebs 5 (Morgan Geekie 12, Adam Henrique 15) at 8:48
2. Winnipeg Jets , Jonas Brodin 2 (Joel Armia 6, Vladislav Namestnikov 9) at 15:28
3. Winnipeg Jets , Taylor Hall 7 (Alexander Kerfoot 2, Adam Lowry 11) at 15:44
Penalties :
Connor Murphy (SJS) for Roughing (Minor) at 9:18, Peyton Krebs (SJS) for Holding Stick (Minor) at 15:49, Connor Bedard (WPG) for Goalie Interference (Minor) at 16:15, Connor Murphy (SJS) for Tripping (Minor) at 16:44
3rd period
4. San Jose Sharks , Peyton Krebs 6 (Morgan Geekie 13, Oliver Ekman-Larsson 4) at 4:20
Penalties :
Matvei Michkov (WPG) for Holding Stick (Minor) at 5:17, Peyton Krebs (SJS) for Delaying the game (Minor) at 10:31
Overtime #1
No Goal
Penalties :
No Penalty
Shootout
Winnipeg Jets, Joel Armia - Stopped by Jakub Dobes
San Jose Sharks, Morgan Geekie - Stopped by Dustin Wolf
Winnipeg Jets, Connor Bedard - Goal!
San Jose Sharks, Morgan Frost - Goal!
Winnipeg Jets, Adam Lowry - Stopped by Jakub Dobes
San Jose Sharks, Alexander Wennberg - Goal!
Penalties :
No Penalty
Goalie Stats
Dustin Wolf (WPG), 31 saves from 33 shots - (0.939), OTL, 5-2-5, 65:00 minutes
Jakub Dobes (SJS), 30 saves from 32 shots - (0.938), W, 4-4-0, 65:00 minutes
Players Stats for Winnipeg Jets
Player Name G A P +/- PIM S H SB GA TA FO MP PP MP PK MP
------------------------------------------------------------------------------------
Adam Lowry 0 1 1 1 0 2 3 0 1 0 9/15 19:48 2:28 1:32
Alexander Kerfoot 0 1 1 1 0 1 2 0 1 0 0/1 14:34 1:59 0:04
Alexis Lafreniere 0 0 0 -1 0 2 0 0 0 0 0/0 14:49 0:06 0:38
Connor Bedard 0 0 0 0 4 3 0 1 1 2 2/3 21:59 2:53 1:11
Dylan Samberg 0 0 0 1 0 2 1 3 0 1 0/0 28:32 2:30 1:43
Haydn Fleury 0 0 0 0 0 4 3 1 0 0 0/0 21:54 2:23 2:15
Jason Zucker 0 0 0 0 0 1 2 0 0 0 5/20 16:55 2:18 0:00
Joel Armia 0 1 1 -1 0 1 0 0 1 0 0/1 13:01 0:00 0:50
Jonas Brodin 1 0 1 1 0 4 1 2 0 0 0/0 28:32 2:30 1:43
Matvei Michkov 0 0 0 0 2 6 0 2 0 0 1/2 13:01 0:07 0:00
Michael Kesselring 0 0 0 -1 0 0 1 0 0 0 0/0 14:34 0:00 0:00
Nate Schmidt 0 0 0 0 0 2 1 0 0 1 0/0 21:54 2:23 2:15
Nino Niederreiter 0 0 0 0 0 0 0 0 0 0 0/2 9:55 0:00 0:00
Ridly Greig 0 0 0 0 0 1 4 0 0 0 1/2 22:42 2:48 1:32
Sam Steel 0 0 0 0 0 1 1 1 0 0 0/0 9:55 0:00 0:00
Sean Durzi 0 0 0 -1 0 0 0 0 0 1 0/0 14:34 0:00 0:00
Taylor Hall 1 0 1 1 0 1 2 0 4 0 0/2 16:04 1:59 2:09
Vladislav Namestnikov 0 1 1 -1 0 1 0 0 0 0 5/7 11:17 0:00 0:00
Players Stats for San Jose Sharks
Player Name G A P +/- PIM S H SB GA TA FO MP PP MP PK MP
------------------------------------------------------------------------------------
Adam Henrique 0 1 1 1 0 3 1 1 1 0 13/20 18:57 1:48 2:53
Alexander Wennberg 0 0 0 -1 0 2 0 0 0 0 3/4 22:07 2:07 2:22
Andre Burakovsky 0 0 0 0 0 2 1 0 0 0 1/1 8:37 0:00 0:00
Andrew Copp 0 0 0 0 0 1 0 0 0 0 4/6 11:35 0:03 0:00
Anthony Beauvillier 0 0 0 0 0 0 0 0 0 1 0/1 8:53 0:00 0:06
Connor Murphy 0 0 0 0 4 0 1 1 1 0 0/0 25:31 1:40 0:48
Ilya Mikheyev 0 0 0 0 0 6 1 0 1 0 0/2 13:23 0:03 0:13
Jake Middleton 0 0 0 0 0 1 0 1 0 3 0/0 15:26 0:00 0:27
Luke Glendening 0 0 0 0 0 0 2 1 0 0 0/0 8:37 0:00 0:00
Marcus Pettersson 0 0 0 0 0 0 0 0 0 0 0/0 22:08 2:18 2:39
Mattias Samuelsson 0 0 0 0 0 1 1 1 0 1 0/0 28:00 1:40 3:18
Max Domi 0 0 0 0 0 2 3 0 1 0 1/2 14:23 1:48 0:00
Morgan Frost 0 0 0 -1 0 1 1 0 1 0 5/8 18:36 2:07 0:07
Morgan Geekie 0 2 2 1 0 8 3 1 0 0 4/8 20:21 2:07 2:54
Oliver Ekman-Larsson 0 1 1 0 0 1 0 4 0 2 0/0 22:37 2:18 3:08
Owen Tippett 0 0 0 -1 0 2 0 0 0 0 0/1 21:44 1:48 2:15
Peyton Krebs 2 0 2 1 4 3 6 1 0 0 1/2 13:23 0:03 0:00
Zach Whitecloud 0 0 0 0 0 0 3 1 0 1 0/0 17:42 0:00 1:34
3 Stars
1 - Peyton Krebs (SJS)
2 - Morgan Geekie (SJS)
3 - Taylor Hall (WPG)
Power Play
Winnipeg Jets - 0 on 4 Attempt(s) - 0.00%
San Jose Sharks - 0 on 3 Attempt(s) - 0.00%
Penalty Kill
Winnipeg Jets - 3 on 3 Attempt(s) - 100.00%
- Score 0 goal in Penalty Kill
San Jose Sharks - 4 on 4 Attempt(s) - 100.00%
- Score 0 goal in Penalty Kill
Team Stat
Winnipeg Jets - Hits : 21 - Faceoff Wins : 23 - Blocked Shots : 10 - Penalty Minutes : 6
San Jose Sharks - Hits : 23 - Faceoff Wins : 32 - Blocked Shots : 12 - Penalty Minutes : 8
Official
Referees : Corey Syvret and Kelly Sutherland
Linesman : Ryan Gibbons and Travis Gawryletz
Game Notes
No Game Note
Finance
Level 1 -- Attendance: 3960 (66.00%) -- Ticket Income $495,000
Level 2 -- Attendance: 3300 (66.00%) -- Ticket Income $247,500
Level 3 -- Attendance: 1980 (66.00%) -- Ticket Income $99,000
Level 4 -- Attendance: 3300 (66.00%) -- Ticket Income $99,000
Luxury Box -- Attendance: 718 (71.80%) -- Ticket Income $143,600
Game was played at the SAP Center at San Jose.
Total Attendance: 13258 (66.29%)
Total Ticket Income: $1,084,100
Other Income: $379,435
Total Income: $1,463,535
Winnipeg Jets
5 vs 5 Forward
Center Left Wing Right Wing Time % Phy DF OF
1 Jason Zucker Connor Bedard Ridly Greig 30 1 2 2
2 Adam Lowry Taylor Hall Alexander Kerfoot 30 1 2 2
3 Vladislav Namestnikov Alexis Lafreniere Joel Armia 25 1 2 2
4 Sam Steel Matvei Michkov Nino Niederreiter 15 1 2 2
5 vs 5 Defense
Defense Defense Time % Phy DF OF
1 Dylan Samberg Jonas Brodin 30 1 2 2
2 Nate Schmidt Haydn Fleury 30 1 2 2
3 Sean Durzi Michael Kesselring 25 1 2 2
4 Dylan Samberg Jonas Brodin 15 1 2 2
PowerPlay Forward
Center Left Wing Right Wing Time % Phy DF OF
1 Jason Zucker Connor Bedard Ridly Greig 50 1 2 2
2 Adam Lowry Taylor Hall Alexander Kerfoot 50 1 2 2
PowerPlay Defense
Defense Defense Time % Phy DF OF
1 Dylan Samberg Jonas Brodin 50 1 2 2
2 Nate Schmidt Haydn Fleury 50 1 2 2
Penalty Kill 4 Players Forward
Center Wing Time % Phy DF OF
1 Taylor Hall Connor Bedard 50 1 2 2
2 Adam Lowry Ridly Greig 50 1 2 2
Penalty Kill 4 Players Defense
Defense Defense Time % Phy DF OF
1 Dylan Samberg Jonas Brodin 50 1 2 2
2 Nate Schmidt Haydn Fleury 50 1 2 2
Penalty Kill - 3 Players Forward
Forward Time % Phy DF OF
1 Ridly Greig 50 1 2 2
2 Connor Bedard 50 1 2 2
Penalty Kill - 3 Players Defense
Defense Defense Time % Phy DF OF
1 Dylan Samberg Jonas Brodin 50 1 2 2
2 Nate Schmidt Haydn Fleury 50 1 2 2
4 vs 4 Forward
Center Wing Time % Phy DF OF
1 Matvei Michkov Connor Bedard 50 1 2 2
2 Adam Lowry Ridly Greig 50 1 2 2
4 vs 4 Defense
Defense Defense Time % Phy DF OF
1 Dylan Samberg Jonas Brodin 50 1 2 2
2 Nate Schmidt Haydn Fleury 50 1 2 2
Last Minutes Offensive
Center Left Wing Right Wing Defense Defense
Jason Zucker Connor Bedard Ridly Greig Dylan Samberg Jonas Brodin
Last Minutes Defensive
Center Left Wing Right Wing Defense Defense
Jason Zucker Connor Bedard Ridly Greig Dylan Samberg Jonas Brodin
Goaltenders
Starting : Dustin Wolf
Backup : Yaroslav Askarov
Extra Forwards
Normal : Matvei Michkov, Alexis Lafreniere, Joel Armia - PP : Matvei Michkov, Alexis Lafreniere - PK : Joel Armia
Extra Defensemen
Normal : Dylan Samberg, Michael Kesselring, Nate Schmidt - PP : Jonas Brodin - PK : Michael Kesselring, Nate Schmidt
Penalty Shots
Joel Armia, Connor Bedard, Adam Lowry, Ridly Greig, Taylor Hall
Scratches
Erik Brannstrom (Healthy), Mikael Backlund (Healthy), Barclay Goodrow (Healthy), Derek Forbort (Healthy)
San Jose Sharks
5 vs 5 Forward
Center Left Wing Right Wing Time % Phy DF OF
1 Adam Henrique Peyton Krebs Morgan Geekie 30 1 2 2
2 Morgan Frost Alexander Wennberg Owen Tippett 30 1 2 2
3 Andrew Copp Max Domi Ilya Mikheyev 25 1 2 2
4 Luke Glendening Anthony Beauvillier Andre Burakovsky 15 1 2 2
5 vs 5 Defense
Defense Defense Time % Phy DF OF
1 Connor Murphy Mattias Samuelsson 30 1 2 2
2 Oliver Ekman-Larsson Marcus Pettersson 30 1 2 2
3 Jake Middleton Zach Whitecloud 25 1 2 2
4 Connor Murphy Mattias Samuelsson 15 1 2 2
PowerPlay Forward
Center Left Wing Right Wing Time % Phy DF OF
1 Adam Henrique Max Domi Owen Tippett 50 1 2 2
2 Morgan Frost Alexander Wennberg Morgan Geekie 50 1 2 2
PowerPlay Defense
Defense Defense Time % Phy DF OF
1 Connor Murphy Mattias Samuelsson 50 1 2 2
2 Oliver Ekman-Larsson Marcus Pettersson 50 1 2 2
Penalty Kill 4 Players Forward
Center Wing Time % Phy DF OF
1 Morgan Geekie Adam Henrique 50 1 2 2
2 Alexander Wennberg Owen Tippett 50 1 2 2
Penalty Kill 4 Players Defense
Defense Defense Time % Phy DF OF
1 Connor Murphy Mattias Samuelsson 50 1 2 2
2 Oliver Ekman-Larsson Marcus Pettersson 50 1 2 2
Penalty Kill - 3 Players Forward
Forward Time % Phy DF OF
1 Morgan Geekie 50 1 2 2
2 Adam Henrique 50 1 2 2
Penalty Kill - 3 Players Defense
Defense Defense Time % Phy DF OF
1 Connor Murphy Mattias Samuelsson 50 1 2 2
2 Oliver Ekman-Larsson Marcus Pettersson 50 1 2 2
4 vs 4 Forward
Center Wing Time % Phy DF OF
1 Morgan Geekie Morgan Frost 50 1 2 2
2 Alexander Wennberg Owen Tippett 50 1 2 2
4 vs 4 Defense
Defense Defense Time % Phy DF OF
1 Connor Murphy Mattias Samuelsson 50 1 2 2
2 Oliver Ekman-Larsson Marcus Pettersson 50 1 2 2
Last Minutes Offensive
Center Left Wing Right Wing Defense Defense
Morgan Geekie Peyton Krebs Owen Tippett Connor Murphy Mattias Samuelsson
Last Minutes Defensive
Center Left Wing Right Wing Defense Defense
Morgan Geekie Peyton Krebs Owen Tippett Connor Murphy Mattias Samuelsson
Goaltenders
Starting : Jakub Dobes
Backup : Adin Hill
Extra Forwards
Normal : Morgan Frost, Max Domi, Ilya Mikheyev - PP : Morgan Frost, Max Domi - PK : Ilya Mikheyev
Extra Defensemen
Normal : Jake Middleton, Zach Whitecloud, Oliver Ekman-Larsson - PP : Jake Middleton - PK : Zach Whitecloud, Oliver Ekman-Larsson
Penalty Shots
Morgan Geekie, Morgan Frost, Alexander Wennberg, Owen Tippett, Adam Henrique
Scratches
Mattias Janmark (Healthy), Travis Boyd (Healthy), Joel Edmundson (Healthy), Justin Barron (Healthy)
% Time on Ice - Winnipeg Jets
Lines # - Real PCT - Wanted PCT - Time Play
Normal Forward
1 - 30% - 30% - 14:57
2 - 26% - 30% - 13:01
3 - 23% - 25% - 11:17
4 - 20% - 15% - 9:55
Normal Defense
1 - 32% - 30% - 15:45
2 - 29% - 30% - 14:29
3 - 28% - 25% - 13:47
4 - 10% - 15% - 5:09
PP Forward
1 - 49% - 50% - 2:25
2 - 51% - 50% - 2:28
PP Defense
1 - 51% - 50% - 2:30
2 - 49% - 50% - 2:23
PK Forward
1 - 61% - 50% - 2:26
2 - 39% - 50% - 1:32
PK Defense
1 - 43% - 50% - 1:43
2 - 57% - 50% - 2:15
PK3 Forward
1 - 0% - 50%
2 - 0% - 50%
PK3 Defense
1 - 0% - 50%
2 - 0% - 50%
44 Forward
1 - 49% - 50% - 3:26
2 - 51% - 50% - 3:33
44 Defense
1 - 49% - 50% - 3:25
2 - 51% - 50% - 3:34
Last Minute Offensive - 0:00
Last Minute Defensive - 0:00
Total
Forward - 65:00
Defense - 65:00
|
% Time on Ice - San Jose Sharks
Lines # - Real PCT - Wanted PCT - Time Play
Normal Forward
1 - 28% - 30% - 13:36
2 - 32% - 30% - 15:42
3 - 23% - 25% - 11:15
4 - 18% - 15% - 8:37
Normal Defense
1 - 31% - 30% - 15:02
2 - 30% - 30% - 14:45
3 - 28% - 25% - 13:49
4 - 11% - 15% - 5:34
PP Forward
1 - 47% - 50% - 1:51
2 - 53% - 50% - 2:07
PP Defense
1 - 42% - 50% - 1:40
2 - 58% - 50% - 2:18
PK Forward
1 - 52% - 50% - 2:31
2 - 48% - 50% - 2:22
PK Defense
1 - 53% - 50% - 2:36
2 - 47% - 50% - 2:17
PK3 Forward
1 - 45% - 50% - 0:29
2 - 55% - 50% - 0:35
PK3 Defense
1 - 66% - 50% - 0:42
2 - 34% - 50% - 0:22
44 Forward
1 - 50% - 50% - 2:56
2 - 50% - 50% - 2:59
44 Defense
1 - 46% - 50% - 2:43
2 - 54% - 50% - 3:12
Last Minute Offensive - 0:00
Last Minute Defensive - 0:00
Total
Forward - 65:00
Defense - 65:00
|
Play-by-Play
1st period
0:01 of 1st period - Connor Bedard wins face-off versus Adam Henrique in neutral zone.
0:08 of 1st period - Wrist shot by Jason Zucker.
0:08 of 1st period - Shot Misses the Net.
0:10 of 1st period - Slapshot by Jonas Brodin.
0:10 of 1st period - Stopped by Jakub Dobes without a rebound.
0:11 of 1st period - Morgan Frost wins face-off versus Adam Lowry in San Jose Sharks zone.
0:36 of 1st period - Alexander Kerfoot is hit by Luke Glendening.
1:11 of 1st period - Wrist shot by Adam Lowry.
1:11 of 1st period - Deflect By Taylor Hall.
1:11 of 1st period - Shot Blocked by Connor Murphy.
1:11 of 1st period - Puck is out of play.
1:12 of 1st period - Vladislav Namestnikov wins face-off versus Andrew Copp in San Jose Sharks zone.
1:19 of 1st period - Wrist shot by Joel Armia.
1:19 of 1st period - Shot Misses the Net.
1:39 of 1st period - Wrist shot by Morgan Geekie.
1:39 of 1st period - Stopped by Dustin Wolf with a rebound.
1:41 of 1st period - Slapshot by Mattias Samuelsson.
1:41 of 1st period - Shot Misses the Net.
1:45 of 1st period - Slapshot by Peyton Krebs.
1:45 of 1st period - Shot Misses the Net.
1:47 of 1st period - Snap shot by Connor Murphy.
1:47 of 1st period - Deflect By Morgan Geekie.
1:47 of 1st period - Stopped by Dustin Wolf with a rebound.
1:49 of 1st period - Snap shot by Connor Murphy.
1:49 of 1st period - Shot Blocked by Dylan Samberg.
2:29 of 1st period - Snap shot by Owen Tippett.
2:29 of 1st period - Deflect By Morgan Frost.
2:29 of 1st period - Stopped by Dustin Wolf with a rebound.
2:47 of 1st period - Nino Niederreiter is hit by Max Domi and loses puck.
3:10 of 1st period - Snap shot by Peyton Krebs.
3:10 of 1st period - Shot Misses the Net.
4:27 of 1st period - Snap shot by Taylor Hall.
4:27 of 1st period - Shot Misses the Net.
5:12 of 1st period - Icing by Marcus Pettersson.
5:13 of 1st period - Morgan Frost wins face-off versus Taylor Hall in San Jose Sharks zone.
5:13 of 1st period - Morgan Frost is hit by Adam Lowry.
5:19 of 1st period - Alexander Kerfoot is hit by Ilya Mikheyev and loses puck.
6:02 of 1st period - Wrist shot by Morgan Geekie.
6:02 of 1st period - Shot Blocked by Matvei Michkov.
6:50 of 1st period - Slapshot by Ilya Mikheyev.
6:50 of 1st period - Shot Blocked by Dylan Samberg.
6:52 of 1st period - Snap shot by Jake Middleton.
6:52 of 1st period - Shot Misses the Net.
6:54 of 1st period - Wrist shot by Max Domi.
6:54 of 1st period - Stopped by Dustin Wolf without a rebound.
6:55 of 1st period - Adam Henrique wins face-off versus Jason Zucker in Winnipeg Jets zone.
7:06 of 1st period - Adam Henrique is hit by Jason Zucker and loses puck.
7:15 of 1st period - Jonas Brodin is hit by Peyton Krebs and loses puck.
7:50 of 1st period - Snap shot by Ilya Mikheyev.
7:50 of 1st period - Stopped by Dustin Wolf without a rebound.
7:51 of 1st period - Andrew Copp wins face-off versus Adam Lowry in Winnipeg Jets zone.
7:58 of 1st period - Wrist shot by Max Domi.
7:58 of 1st period - Stopped by Dustin Wolf with a rebound.
8:00 of 1st period - Snap shot by Andrew Copp.
8:00 of 1st period - Shot Misses the Net.
8:09 of 1st period - Off-side.
8:10 of 1st period - Morgan Geekie wins face-off versus Jason Zucker in neutral zone.
8:13 of 1st period - Snap shot by Morgan Geekie.
8:13 of 1st period - Stopped by Dustin Wolf without a rebound.
8:14 of 1st period - Ridly Greig wins face-off versus Adam Henrique in Winnipeg Jets zone.
8:25 of 1st period - Haydn Fleury is hit by Peyton Krebs and loses puck.
9:43 of 1st period - Snap shot by Alexander Wennberg.
9:43 of 1st period - Stopped by Dustin Wolf without a rebound.
9:44 of 1st period - Max Domi wins face-off versus Jason Zucker in Winnipeg Jets zone.
11:06 of 1st period - Snap shot by Ilya Mikheyev.
11:06 of 1st period - Stopped by Dustin Wolf without a rebound.
11:07 of 1st period - Jason Zucker wins face-off versus Adam Henrique in Winnipeg Jets zone.
11:34 of 1st period - Luke Glendening is hit by Jonas Brodin and loses puck.
11:57 of 1st period - Alexander Wennberg is hit by Adam Lowry and loses puck.
12:12 of 1st period - Slapshot by Connor Bedard.
12:12 of 1st period - Deflect By Ridly Greig.
12:12 of 1st period - Shot Misses the Net.
12:12 of 1st period - Puck is out of play.
12:13 of 1st period - Adam Henrique wins face-off versus Jason Zucker in San Jose Sharks zone.
12:40 of 1st period - Alexander Wennberg is hit by Sam Steel and loses puck.
12:49 of 1st period - Snap shot by Matvei Michkov.
12:49 of 1st period - Stopped by Jakub Dobes with a rebound.
12:51 of 1st period - Wrist shot by Jonas Brodin.
12:51 of 1st period - Deflect By Owen Tippett.
12:51 of 1st period - Stopped by Jakub Dobes with a rebound.
13:29 of 1st period - Snap shot by Alexis Lafreniere.
13:29 of 1st period - Shot Blocked by Zach Whitecloud.
14:01 of 1st period - Nate Schmidt is hit by Zach Whitecloud and loses puck.
14:30 of 1st period - Wrist shot by Andre Burakovsky.
14:30 of 1st period - Stopped by Dustin Wolf with a rebound.
14:32 of 1st period - Snap shot by Luke Glendening.
14:32 of 1st period - Shot Misses the Net.
14:34 of 1st period - Snap shot by Jake Middleton.
14:34 of 1st period - Stopped by Dustin Wolf without a rebound.
14:35 of 1st period - Jason Zucker wins face-off versus Peyton Krebs in Winnipeg Jets zone.
14:37 of 1st period - Minor Penalty to Connor Bedard for Delaying the game.
14:38 of 1st period - Adam Henrique wins face-off versus Taylor Hall in Winnipeg Jets zone.
15:12 of 1st period - Snap shot by Alexander Wennberg.
15:12 of 1st period - Stopped by Dustin Wolf with a rebound.
15:14 of 1st period - Slapshot by Oliver Ekman-Larsson.
15:14 of 1st period - Stopped by Dustin Wolf with a rebound.
15:40 of 1st period - Haydn Fleury is hit by Morgan Geekie and loses puck.
16:37 of 1st period - Penalty to Connor Bedard is over, Connor Bedard is back on ice.
16:49 of 1st period - Jonas Brodin is hit by Peyton Krebs and loses puck.
17:07 of 1st period - Nino Niederreiter is hit by Zach Whitecloud and loses puck.
17:28 of 1st period - Slapshot by Jason Zucker.
17:28 of 1st period - Stopped by Jakub Dobes with a rebound.
17:30 of 1st period - Slapshot by Taylor Hall.
17:30 of 1st period - Shot Misses the Net.
17:40 of 1st period - Snap shot by Matvei Michkov.
17:40 of 1st period - Shot Blocked by Mattias Samuelsson.
17:42 of 1st period - Wrist shot by Nino Niederreiter.
17:42 of 1st period - Shot Misses the Net.
18:00 of 1st period - Owen Tippett is hit by Taylor Hall and loses puck.
18:18 of 1st period - Joel Armia is hit by Max Domi.
18:34 of 1st period - Backhand shot by Sam Steel.
18:34 of 1st period - Shot Misses the Net.
19:23 of 1st period - Jonas Brodin is hit by Zach Whitecloud and loses puck.
19:59 of 1st period - Jonas Brodin is hit by Peyton Krebs.
Goals for this period are 0 for Winnipeg Jets vs 0 for San Jose Sharks.
Shots for this period are 4 for Winnipeg Jets vs 13 for San Jose Sharks.
2nd period
0:01 of 2nd period - Adam Henrique wins face-off versus Jason Zucker in neutral zone.
0:52 of 2nd period - Snap shot by Andrew Copp.
0:52 of 2nd period - Stopped by Dustin Wolf without a rebound.
0:53 of 2nd period - Andrew Copp wins face-off versus Connor Bedard in Winnipeg Jets zone.
1:00 of 2nd period - Ilya Mikheyev is hit by Ridly Greig and loses puck.
1:19 of 2nd period - Marcus Pettersson is hit by Alexander Kerfoot and loses puck.
1:30 of 2nd period - Alexander Kerfoot is hit by Morgan Geekie and loses puck.
1:54 of 2nd period - Wrist shot by Owen Tippett.
1:54 of 2nd period - Stopped by Dustin Wolf without a rebound.
1:55 of 2nd period - Andrew Copp wins face-off versus Jason Zucker in Winnipeg Jets zone.
2:20 of 2nd period - Snap shot by Vladislav Namestnikov.
2:20 of 2nd period - Shot Blocked by Peyton Krebs.
2:22 of 2nd period - Slapshot by Haydn Fleury.
2:22 of 2nd period - Stopped by Jakub Dobes with a rebound.
2:24 of 2nd period - Snap shot by Alexis Lafreniere.
2:24 of 2nd period - Shot Misses the Net.
2:26 of 2nd period - Slapshot by Haydn Fleury.
2:26 of 2nd period - Stopped by Jakub Dobes with a rebound.
2:28 of 2nd period - Slapshot by Nate Schmidt.
2:28 of 2nd period - Shot Blocked by Oliver Ekman-Larsson.
2:30 of 2nd period - Backhand shot by Nate Schmidt.
2:30 of 2nd period - Stopped by Jakub Dobes with a rebound.
3:53 of 2nd period - Wrist shot by Matvei Michkov.
3:53 of 2nd period - Stopped by Jakub Dobes with a rebound.
3:55 of 2nd period - Slapshot by Dylan Samberg.
3:55 of 2nd period - Stopped by Jakub Dobes with a rebound.
3:57 of 2nd period - Snap shot by Matvei Michkov.
3:57 of 2nd period - Shot Misses the Net.
3:59 of 2nd period - Slapshot by Jonas Brodin.
3:59 of 2nd period - Shot Misses the Net.
4:01 of 2nd period - Wrist shot by Matvei Michkov.
4:01 of 2nd period - Stopped by Jakub Dobes with a rebound.
4:03 of 2nd period - Slapshot by Dylan Samberg.
4:03 of 2nd period - Stopped by Jakub Dobes without a rebound.
4:04 of 2nd period - Jason Zucker wins face-off versus Adam Henrique in San Jose Sharks zone.
4:13 of 2nd period - Snap shot by Morgan Geekie.
4:13 of 2nd period - Stopped by Dustin Wolf without a rebound.
4:14 of 2nd period - Adam Henrique wins face-off versus Jason Zucker in Winnipeg Jets zone.
4:23 of 2nd period - Snap shot by Peyton Krebs.
4:23 of 2nd period - Stopped by Dustin Wolf with a rebound.
4:25 of 2nd period - Slapshot by Jake Middleton.
4:25 of 2nd period - Shot Blocked by Haydn Fleury.
4:27 of 2nd period - Snap shot by Adam Henrique.
4:27 of 2nd period - Stopped by Dustin Wolf without a rebound.
4:28 of 2nd period - Adam Lowry wins face-off versus Morgan Frost in Winnipeg Jets zone.
5:20 of 2nd period - Wrist shot by Connor Bedard.
5:20 of 2nd period - Stopped by Jakub Dobes with a rebound.
5:56 of 2nd period - Off-side.
5:57 of 2nd period - Morgan Frost wins face-off versus Nino Niederreiter in neutral zone.
6:56 of 2nd period - Snap shot by Owen Tippett.
6:56 of 2nd period - Shot Blocked by Matvei Michkov.
7:10 of 2nd period - Snap shot by Matvei Michkov.
7:10 of 2nd period - Stopped by Jakub Dobes without a rebound.
7:11 of 2nd period - Adam Henrique wins face-off versus Joel Armia in San Jose Sharks zone.
7:36 of 2nd period - Connor Murphy is hit by Ridly Greig and loses puck.
8:20 of 2nd period - Off-side.
8:21 of 2nd period - Vladislav Namestnikov wins face-off versus Adam Henrique in neutral zone.
8:30 of 2nd period - Snap shot by Adam Henrique.
8:30 of 2nd period - Stopped by Dustin Wolf with a rebound.
8:48 of 2nd period - Snap shot by Peyton Krebs.
8:48 of 2nd period - Goal by Peyton Krebs - Winnipeg Jets : 0 - San Jose Sharks : 1.
8:49 of 2nd period - Peyton Krebs wins face-off versus Jason Zucker in neutral zone.
9:16 of 2nd period - Connor Murphy is hit by Jason Zucker and loses puck.
9:18 of 2nd period - Minor Penalty to Connor Murphy for Roughing.
9:19 of 2nd period - Adam Lowry wins face-off versus Owen Tippett in San Jose Sharks zone.
9:44 of 2nd period - Zach Whitecloud is hit by Ridly Greig and loses puck.
11:15 of 2nd period - Icing by Haydn Fleury.
11:16 of 2nd period - Adam Lowry wins face-off versus Ilya Mikheyev in Winnipeg Jets zone.
11:18 of 2nd period - Penalty to Connor Murphy is over, Connor Murphy is back on ice.
11:19 of 2nd period - Slapshot by Ilya Mikheyev.
11:19 of 2nd period - Stopped by Dustin Wolf with a rebound.
11:53 of 2nd period - Wrist shot by Matvei Michkov.
11:53 of 2nd period - Shot Blocked by Oliver Ekman-Larsson.
12:01 of 2nd period - Slapshot by Ilya Mikheyev.
12:01 of 2nd period - Deflect By Max Domi.
12:01 of 2nd period - Shot Blocked by Sam Steel.
12:01 of 2nd period - Puck is out of play.
12:02 of 2nd period - Alexander Wennberg wins face-off versus Jason Zucker in Winnipeg Jets zone.
12:38 of 2nd period - Backhand shot by Matvei Michkov.
12:38 of 2nd period - Shot Misses the Net.
12:40 of 2nd period - Slapshot by Nino Niederreiter.
12:40 of 2nd period - Shot Misses the Net.
12:50 of 2nd period - Wrist shot by Adam Lowry.
12:50 of 2nd period - Stopped by Jakub Dobes with a rebound.
12:52 of 2nd period - Slapshot by Nate Schmidt.
12:52 of 2nd period - Shot Misses the Net.
12:59 of 2nd period - Slapshot by Alexander Kerfoot.
12:59 of 2nd period - Shot Blocked by Luke Glendening.
14:26 of 2nd period - Sam Steel is hit by Luke Glendening and loses puck.
15:26 of 2nd period - Snap shot by Joel Armia.
15:26 of 2nd period - Stopped by Jakub Dobes with a rebound.
15:28 of 2nd period - Slapshot by Jonas Brodin.
15:28 of 2nd period - Goal by Jonas Brodin - Winnipeg Jets : 1 - San Jose Sharks : 1.
15:29 of 2nd period - Adam Lowry wins face-off versus Morgan Frost in neutral zone.
15:44 of 2nd period - Slapshot by Taylor Hall.
15:44 of 2nd period - Goal by Taylor Hall - Winnipeg Jets : 2 - San Jose Sharks : 1.
15:45 of 2nd period - Adam Lowry wins face-off versus Adam Henrique in neutral zone.
15:49 of 2nd period - Minor Penalty to Peyton Krebs for Holding Stick.
15:50 of 2nd period - Adam Henrique wins face-off versus Jason Zucker in San Jose Sharks zone.
15:50 of 2nd period - Adam Henrique is hit by Nate Schmidt.
15:59 of 2nd period - Off-side.
16:00 of 2nd period - Alexander Wennberg wins face-off versus Jason Zucker in neutral zone.
16:15 of 2nd period - Minor Penalty to Connor Bedard for Goalie Interference.
16:16 of 2nd period - Morgan Geekie wins face-off versus Matvei Michkov in Winnipeg Jets zone.
16:23 of 2nd period - Wrist shot by Morgan Frost.
16:23 of 2nd period - Shot Misses the Net.
16:25 of 2nd period - Slapshot by Mattias Samuelsson.
16:25 of 2nd period - Deflect By Morgan Geekie.
16:25 of 2nd period - Stopped by Dustin Wolf with a rebound.
16:27 of 2nd period - Snap shot by Morgan Frost.
16:27 of 2nd period - Shot Blocked by Jonas Brodin.
16:44 of 2nd period - Minor Penalty to Connor Murphy for Tripping.
16:45 of 2nd period - Adam Lowry wins face-off versus Morgan Geekie in San Jose Sharks zone.
16:48 of 2nd period - Wrist shot by Adam Lowry.
16:48 of 2nd period - Stopped by Jakub Dobes without a rebound.
16:49 of 2nd period - Adam Lowry wins face-off versus Morgan Geekie in San Jose Sharks zone.
16:50 of 2nd period - Snap shot by Ridly Greig.
16:50 of 2nd period - Deflect By Adam Lowry.
16:50 of 2nd period - Shot Misses the Net.
16:50 of 2nd period - Puck is out of play.
16:51 of 2nd period - Adam Lowry wins face-off versus Morgan Geekie in San Jose Sharks zone.
17:24 of 2nd period - Wrist shot by Alexis Lafreniere.
17:24 of 2nd period - Shot Misses the Net.
17:26 of 2nd period - Snap shot by Matvei Michkov.
17:26 of 2nd period - Stopped by Jakub Dobes without a rebound.
17:27 of 2nd period - Morgan Geekie wins face-off versus Adam Lowry in San Jose Sharks zone.
17:38 of 2nd period - Snap shot by Adam Lowry.
17:38 of 2nd period - Shot Blocked by Oliver Ekman-Larsson.
17:40 of 2nd period - Snap shot by Jonas Brodin.
17:40 of 2nd period - Stopped by Jakub Dobes with a rebound.
17:42 of 2nd period - Wrist shot by Adam Lowry.
17:42 of 2nd period - Shot Misses the Net.
17:49 of 2nd period - Penalty to Peyton Krebs is over, Peyton Krebs is back on ice.
18:15 of 2nd period - Penalty to Connor Bedard is over, Connor Bedard is back on ice.
18:44 of 2nd period - Penalty to Connor Murphy is over, Connor Murphy is back on ice.
19:59 of 2nd period - Slapshot by Ridly Greig.
19:59 of 2nd period - Shot Misses the Net.
Goals for this period are 2 for Winnipeg Jets vs 1 for San Jose Sharks.
Shots for this period are 16 for Winnipeg Jets vs 9 for San Jose Sharks.
3rd period
0:01 of 3rd period - Adam Henrique wins face-off versus Jason Zucker in neutral zone.
0:12 of 3rd period - Wrist shot by Connor Bedard.
0:12 of 3rd period - Shot Blocked by Morgan Geekie.
0:14 of 3rd period - Wrist shot by Ridly Greig.
0:14 of 3rd period - Stopped by Jakub Dobes with a rebound.
0:16 of 3rd period - Backhand shot by Haydn Fleury.
0:16 of 3rd period - Stopped by Jakub Dobes with a rebound.
0:53 of 3rd period - Slapshot by Sam Steel.
0:53 of 3rd period - Stopped by Jakub Dobes with a rebound.
1:53 of 3rd period - Wrist shot by Morgan Geekie.
1:53 of 3rd period - Shot Misses the Net.
1:55 of 3rd period - Snap shot by Ilya Mikheyev.
1:55 of 3rd period - Shot Blocked by Jonas Brodin.
1:57 of 3rd period - Snap shot by Max Domi.
1:57 of 3rd period - Shot Misses the Net.
1:59 of 3rd period - Snap shot by Ilya Mikheyev.
1:59 of 3rd period - Stopped by Dustin Wolf without a rebound.
2:00 of 3rd period - Vladislav Namestnikov wins face-off versus Andrew Copp in Winnipeg Jets zone.
2:02 of 3rd period - Icing by Alexis Lafreniere.
2:03 of 3rd period - Adam Henrique wins face-off versus Vladislav Namestnikov in Winnipeg Jets zone.
2:28 of 3rd period - Jason Zucker is hit by Connor Murphy and loses puck.
3:10 of 3rd period - Wrist shot by Andre Burakovsky.
3:10 of 3rd period - Stopped by Dustin Wolf without a rebound.
3:11 of 3rd period - Andre Burakovsky wins face-off versus Nino Niederreiter in Winnipeg Jets zone.
3:20 of 3rd period - Wrist shot by Andre Burakovsky.
3:20 of 3rd period - Shot Misses the Net.
3:34 of 3rd period - Luke Glendening is hit by Ridly Greig and loses puck.
3:57 of 3rd period - Snap shot by Morgan Geekie.
3:57 of 3rd period - Stopped by Dustin Wolf without a rebound.
3:58 of 3rd period - Vladislav Namestnikov wins face-off versus Adam Henrique in Winnipeg Jets zone.
3:58 of 3rd period - Vladislav Namestnikov is hit by Peyton Krebs.
4:10 of 3rd period - Slapshot by Morgan Geekie.
4:10 of 3rd period - Stopped by Dustin Wolf with a rebound.
4:20 of 3rd period - Snap shot by Peyton Krebs.
4:20 of 3rd period - Goal by Peyton Krebs - Winnipeg Jets : 2 - San Jose Sharks : 2.
4:21 of 3rd period - Adam Henrique wins face-off versus Jason Zucker in neutral zone.
5:17 of 3rd period - Minor Penalty to Matvei Michkov for Holding Stick.
5:18 of 3rd period - Adam Lowry wins face-off versus Morgan Frost in Winnipeg Jets zone.
5:43 of 3rd period - Nate Schmidt is hit by Morgan Geekie and loses puck.
6:29 of 3rd period - Slapshot by Morgan Geekie.
6:29 of 3rd period - Stopped by Dustin Wolf without a rebound.
6:30 of 3rd period - Adam Henrique wins face-off versus Adam Lowry in Winnipeg Jets zone.
6:55 of 3rd period - Owen Tippett is hit by Adam Lowry and loses puck.
7:17 of 3rd period - Penalty to Matvei Michkov is over, Matvei Michkov is back on ice.
7:27 of 3rd period - Backhand shot by Connor Bedard.
7:27 of 3rd period - Stopped by Jakub Dobes without a rebound.
7:28 of 3rd period - Vladislav Namestnikov wins face-off versus Anthony Beauvillier in San Jose Sharks zone.
7:31 of 3rd period - Wrist shot by Vladislav Namestnikov.
7:31 of 3rd period - Shot Misses the Net.
7:33 of 3rd period - Wrist shot by Alexis Lafreniere.
7:33 of 3rd period - Stopped by Jakub Dobes with a rebound.
8:09 of 3rd period - Ridly Greig is hit by Peyton Krebs and loses puck.
8:33 of 3rd period - Off-side.
8:34 of 3rd period - Andrew Copp wins face-off versus Adam Lowry in neutral zone.
8:41 of 3rd period - Wrist shot by Ilya Mikheyev.
8:41 of 3rd period - Stopped by Dustin Wolf without a rebound.
8:42 of 3rd period - Morgan Frost wins face-off versus Ridly Greig in Winnipeg Jets zone.
8:53 of 3rd period - Ridly Greig is hit by Morgan Frost and loses puck.
9:51 of 3rd period - Sam Steel is hit by Mattias Samuelsson and loses puck.
10:24 of 3rd period - Wrist shot by Owen Tippett.
10:24 of 3rd period - Stopped by Dustin Wolf without a rebound.
10:25 of 3rd period - Adam Henrique wins face-off versus Alexander Kerfoot in Winnipeg Jets zone.
10:31 of 3rd period - Minor Penalty to Peyton Krebs for Delaying the game.
10:32 of 3rd period - Connor Bedard wins face-off versus Alexander Wennberg in San Jose Sharks zone.
10:36 of 3rd period - Wrist shot by Connor Bedard.
10:36 of 3rd period - Stopped by Jakub Dobes with a rebound.
11:31 of 3rd period - Slapshot by Adam Henrique.
11:31 of 3rd period - Stopped by Dustin Wolf with a rebound.
11:49 of 3rd period - Owen Tippett is hit by Dylan Samberg and loses puck.
12:27 of 3rd period - Icing by Taylor Hall.
12:28 of 3rd period - Matvei Michkov wins face-off versus Morgan Geekie in Winnipeg Jets zone.
12:31 of 3rd period - Penalty to Peyton Krebs is over, Peyton Krebs is back on ice.
12:33 of 3rd period - Snap shot by Jonas Brodin.
12:33 of 3rd period - Shot Blocked by Oliver Ekman-Larsson.
12:35 of 3rd period - Snap shot by Matvei Michkov.
12:35 of 3rd period - Stopped by Jakub Dobes with a rebound.
13:02 of 3rd period - Oliver Ekman-Larsson is hit by Michael Kesselring and loses puck.
13:07 of 3rd period - Sam Steel is hit by Andre Burakovsky and loses puck.
13:44 of 3rd period - Jason Zucker is hit by Max Domi and loses puck.
13:53 of 3rd period - Wrist shot by Jason Zucker.
13:53 of 3rd period - Deflect By Ridly Greig.
13:53 of 3rd period - Shot Blocked by Jake Middleton.
13:53 of 3rd period - Puck is out of play.
13:54 of 3rd period - Adam Henrique wins face-off versus Vladislav Namestnikov in San Jose Sharks zone.
13:54 of 3rd period - Adam Henrique is hit by Haydn Fleury.
14:32 of 3rd period - Snap shot by Alexis Lafreniere.
14:32 of 3rd period - Shot Misses the Net.
14:34 of 3rd period - Backhand shot by Haydn Fleury.
14:34 of 3rd period - Stopped by Jakub Dobes with a rebound.
14:36 of 3rd period - Slapshot by Alexis Lafreniere.
14:36 of 3rd period - Shot Blocked by Adam Henrique.
14:58 of 3rd period - Snap shot by Alexis Lafreniere.
14:58 of 3rd period - Stopped by Jakub Dobes with a rebound.
15:00 of 3rd period - Slapshot by Vladislav Namestnikov.
15:00 of 3rd period - Stopped by Jakub Dobes with a rebound.
15:02 of 3rd period - Slapshot by Nate Schmidt.
15:02 of 3rd period - Stopped by Jakub Dobes with a rebound.
15:04 of 3rd period - Snap shot by Joel Armia.
15:04 of 3rd period - Shot Hit the Post.
15:06 of 3rd period - Backhand shot by Nate Schmidt.
15:06 of 3rd period - Deflect By Joel Armia.
15:06 of 3rd period - Shot Misses the Net.
15:06 of 3rd period - Puck is out of play.
15:07 of 3rd period - Jason Zucker wins face-off versus Max Domi in San Jose Sharks zone.
15:33 of 3rd period - Oliver Ekman-Larsson is hit by Alexander Kerfoot and loses puck.
15:46 of 3rd period - Anthony Beauvillier is hit by Taylor Hall and loses puck.
17:07 of 3rd period - Alexander Kerfoot is hit by Adam Henrique and loses puck.
17:24 of 3rd period - Snap shot by Alexander Kerfoot.
17:24 of 3rd period - Stopped by Jakub Dobes without a rebound.
17:25 of 3rd period - Jason Zucker wins face-off versus Ilya Mikheyev in San Jose Sharks zone.
18:00 of 3rd period - Off-side.
18:01 of 3rd period - Alexander Wennberg wins face-off versus Jason Zucker in neutral zone.
18:04 of 3rd period - Snap shot by Alexander Wennberg.
18:04 of 3rd period - Shot Misses the Net.
18:06 of 3rd period - Snap shot by Morgan Frost.
18:06 of 3rd period - Shot Misses the Net.
18:08 of 3rd period - Slapshot by Mattias Samuelsson.
18:08 of 3rd period - Stopped by Dustin Wolf without a rebound.
18:09 of 3rd period - Morgan Frost wins face-off versus Jason Zucker in Winnipeg Jets zone.
18:16 of 3rd period - Snap shot by Alexander Wennberg.
18:16 of 3rd period - Shot Blocked by Connor Bedard.
19:28 of 3rd period - Slapshot by Alexander Wennberg.
19:28 of 3rd period - Shot Blocked by Dylan Samberg.
Goals for this period are 0 for Winnipeg Jets vs 1 for San Jose Sharks.
Shots for this period are 12 for Winnipeg Jets vs 10 for San Jose Sharks.
Overtime #1
0:01 of 1st overtime period - Morgan Geekie wins face-off versus Adam Lowry in neutral zone.
0:27 of 1st overtime period - Owen Tippett is hit by Haydn Fleury and loses puck.
2:12 of 1st overtime period - Wrist shot by Ilya Mikheyev.
2:12 of 1st overtime period - Stopped by Dustin Wolf with a rebound.
4:59 of 1st overtime period - Owen Tippett is hit by Haydn Fleury.
Goals for this period are 0 for Winnipeg Jets vs 0 for San Jose Sharks.
Shots for this period are 0 for Winnipeg Jets vs 1 for San Jose Sharks.
ShootOut
5:00 of 1st overtime period - Round #1.
5:00 of 1st overtime period - Winnipeg Jets, Joel Armia.
5:00 of 1st overtime period - Wrist shot by Joel Armia.
5:00 of 1st overtime period - Stopped by Jakub Dobes.
5:00 of 1st overtime period - San Jose Sharks, Morgan Geekie.
5:00 of 1st overtime period - Snap shot by Morgan Geekie.
5:00 of 1st overtime period - Stopped by Dustin Wolf.
5:00 of 1st overtime period - Round #2.
5:00 of 1st overtime period - Winnipeg Jets, Connor Bedard.
5:00 of 1st overtime period - Deke by Connor Bedard.
5:00 of 1st overtime period - Goal by Connor Bedard.
5:00 of 1st overtime period - San Jose Sharks, Morgan Frost.
5:00 of 1st overtime period - Backhand shot by Morgan Frost.
5:00 of 1st overtime period - Goal by Morgan Frost.
5:00 of 1st overtime period - Round #3.
5:00 of 1st overtime period - Winnipeg Jets, Adam Lowry.
5:00 of 1st overtime period - Wrist shot by Adam Lowry.
5:00 of 1st overtime period - Stopped by Jakub Dobes.
5:00 of 1st overtime period - San Jose Sharks, Alexander Wennberg.
5:00 of 1st overtime period - Deke by Alexander Wennberg.
5:00 of 1st overtime period - Goal by Alexander Wennberg.
Back to the Top